 Dungeon Crawl Stone Soup version 0.27-a0-1555-g0e7b3fb1d2 (webtiles) character file.

Game seed: 15767649571173545264

7 blackman the Covered (level 2, -1/19 HPs)
             Began as a Human Wanderer on July 14, 2021.
             Slain by a quokka (3 damage)
             ... on level 1 of the Dungeon.
             The game lasted 00:01:18 (285 turns).

blackman the Covered (Human Wanderer)                Turns: 285, Time: 00:01:18

Health: -1/19      AC:  9    Str: 11    XL:     2   Next: 10%
Magic:  2/3        EV:  5    Int: 12    God:
Gold:   27         SH:  0    Dex: 13    Spells: 3/3 levels left

rFire    . . .     SeeInvis .   a - +0 dagger
rCold    . . .     Faith    .   (no shield)
rNeg     . . .     Spirit   .   c - +0 chain mail
rPois    .         Reflect  .   (no helmet)
rElec    .         Harm     .   (no cloak)
rCorr    .         Rampage  .   (no gloves)
Will     .....                  (no boots)
Stlth    ..........             (no amulet)
HPRegen  0.06/turn              (no ring)
MPRegen  0.08/turn              (no ring)

@: no status effects
A: no striking features
a: no special abilities


You were on level 1 of the Dungeon.
You visited 1 branch of the dungeon, and saw 1 of its levels.

You collected 27 gold pieces.

Inventory:

Hand Weapons
 a - a +0 dagger (weapon)
Armour
 b - a +0 robe
 c - a +0 chain mail (worn)
Potions
 d - 2 potions of mutation {unknown}


   Skills:
 - Level 2.0 Crossbows
 - Level 1.0 Throwing
 - Level 3.0 Armour
 - Level 1.0 Shields
 * Level 1.1 Spellcasting
 - Level 1.0 Translocations
 + Level 2.2 Air Magic


You had 3 spell levels left.
You didn't know any spells.
Your spell library contained the following spells:

 Spells                   Type           Power      Damage    Failure   Level
 Apportation              Tloc           6%         N/A       100%        1
 Shock                    Conj/Air       12%        1d3       100%        1
 Static Discharge         Conj/Air       3%         N/A       100%        2
 Mephitic Cloud           Conj/Pois/Air  2%         N/A       100%        3
 Swiftness                Air            6%         N/A       100%        3
 Teleport Other           Tloc           3%         N/A       100%        3
 Airstrike                Air            3%         N/A       100%        4


Dungeon Overview and Level Annotations

Branches:
Dungeon (1/15)

Altars:


Message History

A quokka comes into view.
You are too injured to fight recklessly!
You are too injured to fight recklessly!
You are too injured to fight recklessly!
You are too injured to fight recklessly!
You are too injured to fight recklessly!
You are too injured to fight recklessly!
You hit the dart slug.
The dart slug is moderately wounded.
The dart slug bites you but does no damage.
You hit the dart slug.
The dart slug is severely wounded.
You hit the dart slug but do no damage.
The dart slug is severely wounded.
The dart slug bites you but does no damage.
You hit the dart slug.
The dart slug is almost dead.
The dart slug launches a dart at you. The slug dart misses you.
You hit the dart slug.
You kill the dart slug!
Your Spellcasting skill increases to level 1!
You have reached level 2!
You miss the quokka.
The quokka bites you but does no damage.
You hit the quokka but do no damage. The quokka closely misses you.
You hit the quokka but do no damage.
The quokka bites you but does no damage.
The quokka bites you.
You hit the quokka but do no damage. The quokka bites you.
* * * LOW HITPOINT WARNING * * *
You hit the quokka but do no damage. The quokka bites you.
* * * LOW HITPOINT WARNING * * *
You hit the quokka.
The quokka is severely wounded.
The quokka barely misses you.
You hit the quokka.
The quokka is almost dead.
The quokka bites you.
You die...

#.... # #.... ###### #
#.... #....##### #
#....######........#####
#....#..................
#....#.@.....(..........
#....#r####........#####
#......# #.........# #
.........# #....#..#.# #
..#.#.##.# #..>.##.#.# #
w. #. #.# ##.####...###
. . #.# #.# #.....## ##
..# ##.(....# ...
...........


You could see a quokka.

Vanquished Creatures
  A dart slug (D:1)
  A ball python (D:1)
  A hobgoblin (D:1)
  A bat (D:1)
  2 kobolds (D:1)
6 creatures vanquished.

Notes
Turn   | Place    | Note
-------+----------+-------------------------------------------
     0 | D:1      | blackman the Human Wanderer began the quest for the Orb.
     0 | D:1      | blackman set off with the following items: a +0 dagger, a
                  | +0 robe; and the following spells available to memorise:
                  | Apportation, Shock, Static Discharge, Swiftness, Teleport
                  | Other, Mephitic Cloud, Airstrike
     0 | D:1      | Reached XP level 1. HP: 13/13 MP: 1/1
   279 | D:1      | Reached skill level 1 in Spellcasting
   279 | D:1      | Reached XP level 2. HP: 7/19 MP: 1/3
   285 | D:1      | Slain by a quokka

Illustrated notes

Levels and vault maps discovered:
D:1:      dpeg_arrival_castle, layout_rooms,
          hellmonk_ecumenical_altar_arch_garden

Skill      XL: |  1 |
---------------+----+-----
Spellcasting   | 1 |  1.1
Crossbows      | |  2.0
Throwing       | |  1.0
Armour         | |  3.0
Shields        | |  1.0
Translocations | |  1.0
Air Magic      | |  2.2

Action                   || total
-------------------------++-------
Melee: Dagger            ||    44
Armor: Chain mail        ||    30
Dodge: Dodged            ||    15

Table legend: (Time is in decaauts)
 A = Elapsed time spent in this place.
 B = Non-inter-level travel time spent in this place.
 C = Inter-level travel time spent in this place.
 D = Time resting spent in this place.
 E = Time spent auto-exploring this place.
 F = Levels seen in this place.
 G = Mean time per level.
                   A        B        C        D        E       F      G
               +--------+--------+--------+--------+--------+-----+--------+
         Total |    288 |    269 |     19 |      0 |    183 |   1 |  288.0 |
       Dungeon |    288 |    269 |     19 |      0 |    183 |   1 |  288.0 |
               +--------+--------+--------+--------+--------+-----+--------+

Top non-repeatable levels by time:
     D:1: 288 daAuts
